 Dungeon Crawl Stone Soup version 0.31-a0-1620-gcbf77bbcfc (webtiles) character file.

Game seed: 2990197290112521341

20 bmb222 the Ruffian (level 2, -5/24 HPs)
             Began as a Minotaur Shapeshifter on Jan 11, 2024.
             Killed from afar by Natasha (7 damage)
             ... with a magic dart
             ... on level 2 of the Dungeon.
             The game lasted 00:00:49 (1133 turns).

bmb222 the Ruffian (Minotaur Shapeshifter)          Turns: 1133, Time: 00:00:49

Health: -5/24      AC:  5    Str: 18    XL:     2   Next: 58%
Magic:  1/1        EV: 11    Int:  7    God:
Gold:   39         SH:  0    Dex:  9    Spells: 1/1 levels left

rFire   . .          .
                       - Unarmed
rCold   . . .        (no shield)
rNeg    . . .        h - +0 ring mail
rPois   .            (helmet currently unavailable)
rElec   .            (cloak currently unavailable)
rCorr   .            (gloves currently unavailable)
SInv    .            (boots currently unavailable)
Will    .....        (no amulet) Stlth
                     (no ring)
HPRegen 0.24/turn    (no ring)
MPRegen 0.07/turn

%: no passive effects
@: beast-form
A: beast (slay +1), horns 2, retaliatory headbutt
a: Begin Untransformation


You were on level 2 of the Dungeon.
You were a hulking beast.
You visited 1 branch of the dungeon, and saw 2 of its levels.

You collected 39 gold pieces.

Inventory:

Armour
 a - a +0 animal skin
 h - a +0 ring mail (worn)
Talismans
 c - a beast talisman
 d - a flux talisman
Scrolls
 f - 2 scrolls of silence {unknown}
 g - 2 scrolls of immolation {unknown}
 j - a scroll of amnesia {unknown}
Potions
 b - a potion of lignification
 e - a potion of mutation {unknown}
 i - a potion of might {unknown}
 k - a potion of invisibility {unknown}


   Skills:
 + Level 2.0 Fighting
 * Level 1.6 Armour
 - Level 2.3 Dodging
 - Level 3.4 Unarmed Combat
 - Level 2.5 Shapeshifting


You had one spell level left.
You didn't know any spells.
Your spell library contained the following spells:

 Spells                   Type           Power      Damage    Failure   Level
 Cause Fear               Hex            0%         N/A       100%        4
 Summon Blazeheart Golem  Fire/Summ      0%         N/A       100%        4
 Fireball                 Conj/Fire      0%         3d3       100%        5
 Orb of Destruction       Conj           0%         9d5       100%        7
 Spellforged Servitor     Conj/Summ      0%         N/A       100%        7
 Dragon's Call            Summ           0%         N/A       100%        9


Dungeon Overview and Level Annotations

Branches:
Dungeon (2/15)

Altars:

Shops:
D:1 =

Annotations:
D:2 Natasha


Innate Abilities, Weirdness & Mutations

You are a hulking beast.
Your limbs bulge with bestial killing power. (Slay +1)
You have a pair of horns on your head.
You reflexively headbutt those who attack you in melee.


Message History

a +0 dagger; a ball python corpse A quokka comes into view.
A quokka is nearby!
You hit the quokka. Your headbutt misses the quokka.
The quokka is almost dead.
The quokka bites you.
A quokka is nearby!
You hit the quokka.
You kill the quokka!
Your Fighting skill increases to level 2!
You see here a quokka corpse.
Natasha, Servant of Life and Death comes into view.
Natasha stares at you and mumbles some strange words.
The magic dart hits you.
Natasha is nearby!
Natasha stares at you and mumbles some strange words.
The magic dart hits you!
Natasha is nearby!
Natasha is nearby!
Natasha claws you.
You are too injured to fight recklessly!
You are too injured to fight recklessly!
You are too injured to fight recklessly!
You are too injured to fight recklessly!
You hit Natasha but do no damage. Natasha claws you.
You hit Natasha.
Natasha is moderately wounded.
Natasha stares at you and mumbles some strange words.
The magic dart hits you!
* * * LOW HITPOINT WARNING * * *
You hit Natasha but do no damage.
Natasha is lightly wounded.
Natasha closely misses you. You furiously retaliate!
You headbutt Natasha, but do no damage. You hit Natasha.
Natasha is heavily wounded.
Natasha stares at you and mumbles some strange words.
The magic dart hits you!
You die...
Natasha begins licking her fur clean.

#.# #.#
#†# #.#
#######.#
#.......#
#.#####.#
#.# #h#
#h# #.#
#.. ###


You could see Natasha.

Vanquished Creatures
  A dart slug (D:2)
  An endoplasm (D:1)
  3 goblins
  2 hobgoblins (D:1)
  A quokka (D:2)
  3 ball pythons
  2 bats (D:1)
  A frilled lizard (D:1)
  3 kobolds (D:1)
  A rat (D:1)
18 creatures vanquished.

Notes
Turn   | Place    | Note
-------+----------+-------------------------------------------
     0 | D:1      | bmb222 the Minotaur Shapeshifter began the quest for the
                  | Orb.
     0 | D:1      | Reached XP level 1. HP: 16/16 MP: 0/0
   180 | D:1      | Found Moxzilai's Jewellery Shoppe.
   521 | D:1      | Reached XP level 2. HP: 20/23 MP: 1/1
   641 | D:1      | Reached skill level 1 in Armour
  1125 | D:2      | Noticed Natasha
  1133 | D:2      | Killed from afar by Natasha

Illustrated notes

Levels and vault maps discovered:
D:1:      arrival_zaba_pyramid, layout_basic, serial_shops,
          nicolae_lakefront_shop, nicolae_concentric_dashed_squares_wild
D:2:      kennysheep_big_flooded_room, layout_loops_ring,
          serial_co_window_serial, co_window_corner_a, co_window_paths_a,
          co_window_paths_a, co_window_of_opportunity_a, co_window_paths_b,
          co_window_corner_a, co_window_paths_b, co_window_2corner,
          co_window_paths_c, co_window_of_opportunity_b, co_window_corner_b,
          co_window_4corner_a, glass_columns_a, glass_columns_c,
          glass_columns_a, uniq_natasha

Skill      XL: |  1  2 |
---------------+-------+-----
Armour         | 1 |  1.6
Fighting       | 2 |  2.0
Dodging        | |  2.3
Unarmed Combat | |  3.4
Shapeshifting  | |  2.5

Action                     || total
---------------------------++-------
  Melee: Unarmed           ||    39
         Headbutt          ||     5
 Armour: Animal skin       ||     8
         Ring mail         ||    13
  Dodge: Dodged            ||    19

Table legend: (Time is in decaauts)
 A = Elapsed time spent in this place.
 B = Non-inter-level travel time spent in this place.
 C = Inter-level travel time spent in this place.
 D = Time resting spent in this place.
 E = Time spent auto-exploring this place.
 F = Levels seen in this place.
 G = Mean time per level.
                   A        B        C        D        E       F      G
               +--------+--------+--------+--------+--------+-----+--------+
         Total |   1130 |   1053 |     77 |      0 |    928 |   2 |  565.0 |
       Dungeon |   1130 |   1053 |     77 |      0 |    928 |   2 |  565.0 |
               +--------+--------+--------+--------+--------+-----+--------+

Top non-repeatable levels by time:
     D:1: 1007 daAuts
     D:2: 123 daAuts
